 Dungeon Crawl Stone Soup version 0.21.1-1-g345015f (webtiles) character file.

33559 letownia2 the Devastator (level 13, -8/78 HPs)
             Began as a Deep Elf Wizard on Feb 13, 2018.
             Was a High Priest of Vehumet.
             Mangled by a sun demon (18 damage)
             ... summoned by an orc high priest
             ... on level 2 of the Orcish Mines.
             The game lasted 01:12:04 (8277 turns).

letownia2 the Devastator (Deep Elf Wizard)          Turns: 8277, Time: 01:12:05

Health: -8/78      AC:  6    Str: 12    XL:     13   Next: 37%
Magic:  13/31      EV: 25    Int: 25    God:    Vehumet [*****.]
Gold:   957        SH:  0    Dex: 13    Spells: 9/36 levels left

rFire    . . .     SeeInvis .   a - +11 quarterstaff of the Mind {flame, *Noise rC++ Str+4 Stlth+}
rCold    + + +     Gourm    .   (shield currently unavailable)
rNeg     . . .     Faith    .   q - +0 steam dragon scales
rPois    .         Spirit   .   H - +0 helmet
rElec    .         Reflect  .   (no cloak)
rCorr    .         Harm     .   (no gloves)
MR       +....                  (no boots)
Stlth    +++.......             E - amulet of rage
HPRegen  0.23/turn              l - +6 ring of evasion
MPRegen  0.22/turn              k - ring "Duptop" {Wiz rC+}

@: no status effects
A: no striking features
a: Renounce Religion, Evoke Berserk Rage


You were on level 2 of the Orcish Mines.
You worshipped Vehumet.
Vehumet was extremely pleased with you.
You were not hungry.

You visited 4 branches of the dungeon, and saw 17 of its levels.

You collected 1129 gold pieces.
You spent 172 gold pieces at shops.

Inventory:

Hand Weapons
 a - the +11 quarterstaff of the Mind (weapon) {flame, *Noise rC++ Str+4 Stlth+}
   (You found it on level 6 of the Dungeon)

   It has been specially enchanted to burn those struck by it, causing extra
   injury to most foes and up to half again as much damage against particularly
   susceptible opponents.
   It affects your strength (+4).
   It greatly protects you from cold.
   It may make noises in combat.
   It makes you more stealthy.
 b - a +2 scimitar of flaming
 y - a cursed -2 blowgun
 N - a +2 trident of distortion
Missiles
 z - 15 poisoned needles
 L - a throwing net (quivered)
Armour
 j - the +1 leather armour "Taz Kikk" {rCorr}
   (You found it on level 4 of the Dungeon)

   It protects you from acid and corrosion.
 q - +0 steam dragon scales (worn)
 r - the +1 leather armour "Losugan" {rF+ Str+3}
   (You found it on level 4 of the Dungeon)

   It affects your strength (+3).
   It protects you from fire.
 H - a +0 helmet (worn)
 M - a +0 buckler
Jewellery
 k - the ring "Duptop" (right hand) {Wiz rC+}
   (You found it on level 8 of the Dungeon)

   [ring of wizardry]

   It improves your spell success rate.
   It protects you from cold.
 l - a +6 ring of evasion (left hand)
 n - an uncursed amulet of guardian spirit
 E - an amulet of rage (around neck)
 K - an uncursed ring of positive energy
Wands
 o - a wand of iceblast (10)
 p - a wand of clouds (6)
 v - a wand of paralysis (8)
 G - a wand of flame (5)
Scrolls
 h - a scroll of teleportation {unknown}
 i - 2 scrolls of identify
 s - 2 scrolls of fear
 u - a scroll of noise {unknown}
 w - 2 scrolls of random uselessness {unknown}
 x - a scroll of immolation {unknown}
 A - 3 scrolls of remove curse
 J - a scroll of holy word {unknown}
 O - a scroll of magic mapping
Potions
 e - a potion of brilliance
 f - a potion of magic
 m - 2 potions of cancellation
 t - a potion of resistance
 B - 2 potions of heal wounds
 C - a potion of flight
 F - 3 potions of lignification
 I - 2 potions of berserk rage
 P - a potion of haste
Books
 c - a book of Minor Magic

   Spells                             Type                      Level
   a - Magic Dart                     Conjuration                  1
   b - Blink                          Translocation                2
   c - Call Imp                       Summoning                    2
   d - Slow                           Hexes                        2
   e - Conjure Flame                  Conjuration/Fire             3
   f - Mephitic Cloud                 Conjuration/Poison/Air       3
Miscellaneous
 g - a phantom mirror
Comestibles
 d - 15 rations


   Skills:
 - Level 7.8 Fighting
 - Level 1.5 Armour
 - Level 11.6 Dodging
 - Level 2.4 Stealth
 - Level 12.1 Spellcasting
 + Level 16.2 Conjurations
 - Level 1.1 Summonings
 - Level 1.1 Translocations
 - Level 3.2 Fire Magic
 - Level 3.0 Air Magic
 - Level 3.3 Poison Magic


You had 9 spell levels left.
You knew the following spells:

 Your Spells              Type           Power        Failure   Level  Hunger
a - Magic Dart            Conj           ####         0%          1    None
b - Blink                 Tloc           N/A          1%          2    None
c - Conjure Flame         Conj/Fire      ######..     1%          3    None
d - Iskenderun's Mystic   Conj           #######.     1%          4    None
e - Mephitic Cloud        Conj/Pois/Air  ######..     1%          3    None
f - Call Imp              Summ           ###.....     1%          2    None
i - Sticky Flame          Conj/Fire      ######..     1%          4    None
n - Ignite Poison         Fire/Tmut/Pois ####....     1%          3    None
r - Irradiate             Conj/Tmut      ######....   1%          5    ###....


Dungeon Overview and Level Annotations

Branches:
Dungeon (12/15)            Temple (1/1) D:5            Lair (2/6) D:9
    Orc (2/2) D:11            Elf (0/3) Orc:2
  Swamp: Lair:2-4    Shoals: Lair:2-4     Snake: Lair:2-4    Spider: Lair:2-4

Altars:
Cheibriados
Dithmenos
Elyvilon
Fedhas
Gozag
Hepliaklqana
Kikubaaqudgha
Makhleb
Nemelex Xobeh
Okawaru
Qazlal
Sif Muna
Trog
Vehumet
Wu Jian
Xom
Yredelemnul
Zin

Shops:
Orc:2 *!


Message History

The orb of energy hits the sun demon.
The sun demon is heavily wounded.
The orb of energy explodes!
The orc knight shouts!
The orc knight roars a battlecry!
The sun demon hits you.
You are engulfed in flames!
You hear a shout!
Unknown command.
Unknown command.
Casting: Iskenderun's Mystic Blast
Confirm with . or Enter, or press ? or * to list all spells.
Aiming: Iskenderun's Mystic Blast
Press: ? - help, Shift-Dir - straight line, f/p - sun demon
Aim: a sun demon (heavily wounded, summoned)
The orb of energy hits the sun demon.
The sun demon is almost dead.
The orb of energy explodes!
The sun demon hits you!
* * * LOW HITPOINT WARNING * * *
You are engulfed in flames!!
You die...

#..).))###..)##
#...###...
...(..###.#)##.
.##.#.###..
..#..###..)##..#
#..##... ##)
..(...###.#)##o.# #o.#
##.. ......#
##...##.o###..# ##..)
#.....#####...##).#..#
##....
##.#..).####...##...#
##..... ###......#
##...#3#.#... #......
.##..##.##
##..@......# #.......
##....### ##.#...#.##
........ .##..##
##.....## ........
....## #...## ........
.#.## ##.## ........
.### ## ........ ..#
........ ..# .......
.## ......


You could see an orc knight and a sun demon.

Vanquished Creatures
  3 hydras
  Erolcha (D:11)
  The ghost of Frank the Carver, a journeyman OpFi of Wu Jian (D:11)
  The ghost of letownia2 the Grappler, a novice TrMo of Nemelex Xobeh (D:11)
  Erica (D:8)
  8 two-headed ogres
  4 orc high priests (Orc:2)
  An unseen horror (D:11)
  The ghost of Quirk the Shield-Bearer, a novice GnFi (D:5)
  5 orc sorcerers (Orc:2)
  5 orc knights
  Joseph (D:10)
  An orange demon (Orc:2)
  2 spiny frogs (Lair:2)
  A kobold demonologist (D:12)
  A red devil (Orc:2)
  A hellwing (Orc:2)
  4 trolls
  2 shadows
  18 yaks
  Grum (D:8)
  Eustachio (D:4)
  A hungry ghost (D:12)
  The ghost of ximkin the Ruffian, an amateur DrTm (D:4)
  A steam dragon (D:4)
  A warg (Orc:1)
  An acid dragon (D:12)
  5 water moccasins
  4 porcupines
  28 orc warriors
  2 black bears (D:9)
  6 ice beasts
  3 sky beasts
  An eye of draining (D:11)
  2 centaurs
  3 wolves (D:8)
  A necrophage (D:12)
  9 ogres
  7 crocodiles
  8 bullfrogs
  7 big kobolds
  6 gnoll sergeants
  2 wyvern zombies
  2 scorpions (D:5)
  6 killer bees (D:8)
  A wight (D:7)
  4 howler monkeys
  3 electric eels (D:11)
  4 crimson imps
  4 jellies
  3 bullfrog skeletons
  2 centaur skeletons
  6 hounds
  25 orc priests
  9 orc wizards
  Jessica (D:3)
  2 iguanas
  3 worker ants
  3 howler monkey zombies
  A worker ant zombie (D:11)
  Robin (D:4)
  8 gnolls
  7 adders
  4 shadow imps
  An ooze (D:1)
  2 adder skeletons
  2 dart slugs
  4 leopard geckos
  53 orcs
  A ball python (D:3)
  3 giant cockroaches
  13 goblins
  5 hobgoblins
  2 jackals (D:2)
  4 quokkas
  4 bats
  3 frilled lizards
  16 kobolds
  8 rats
  A plant (D:9)
384 creatures vanquished.

Vanquished Creatures (others)
  43 fungi
  7 plants
50 creatures vanquished.

Grand Total: 434 creatures vanquished

Notes
Turn   | Place    | Note
-------+----------+-------------------------------------------
     0 | D:1      | letownia2 the Deep Elf Wizard began the quest for the Orb.
     0 | D:1      | Reached XP level 1. HP: 10/10 MP: 7/7
   115 | D:1      | Reached skill level 2 in Conjurations
   115 | D:1      | Reached XP level 2. HP: 9/15 MP: 0/9
   301 | D:2      | Reached skill level 3 in Conjurations
   304 | D:2      | Reached XP level 3. HP: 12/19 MP: 1/10
   410 | D:2      | Learned a level 3 spell: Mephitic Cloud
   414 | D:2      | Learned a level 3 spell: Conjure Flame
   583 | D:3      | Found an ornate altar of the Wu Jian Council.
   604 | D:3      | Noticed Jessica
   609 | D:3      | Killed Jessica
   609 | D:3      | Reached skill level 1 in Fire Magic
   609 | D:3      | Reached skill level 1 in Air Magic
   609 | D:3      | Reached skill level 1 in Poison Magic
   609 | D:3      | Reached XP level 4. HP: 7/24 MP: 4/12
   666 | D:4      | Learned a level 2 spell: Blink
   693 | D:4      | Noticed ximkin's ghost (amateur DrTm)
   716 | D:4      | Found a white marble altar of Elyvilon.
  1114 | D:4      | Noticed Robin
  1121 | D:4      | Noticed Eustachio
  1151 | D:4      | Reached skill level 4 in Conjurations
  1240 | D:4      | Got a transparent leather armour
  1251 | D:4      | Identified the +1 leather armour "Taz Kikk" {rCorr} (You found it on level 4 of the Dungeon)
  1345 | D:4      | Killed Robin
  1357 | D:4      | Noticed an ogre
  1376 | D:4      | Killed ximkin's ghost
  1376 | D:4      | Reached XP level 5. HP: 7/28 MP: 13/13
  1384 | D:4      | Reached XP level 6. HP: 9/32 MP: 6/14
  1398 | D:4      | Killed Eustachio
  1447 | D:4      | Reached skill level 5 in Conjurations
  1466 | D:4      | Found a glowing silver altar of Zin.
  1468 | D:4      | Found an opulent altar of Gozag.
  1544 | D:4      | Noticed a steam dragon
  1573 | D:4      | Killed a steam dragon
  1573 | D:4      | Reached skill level 5 in Spellcasting
  1573 | D:4      | Reached XP level 7. HP: 31/36 MP: 2/17
  1817 | D:4      | Got a bloodstained leather armour
  1886 | D:4      | Identified the +1 leather armour "Losugan" {rF+ Str+3} (You found it on level 4 of the Dungeon)
  1897 | D:5      | Entered Level 5 of the Dungeon
  1969 | D:5      | Found a bloodstained altar of Trog.
  2083 | D:5      | Found a staircase to the Ecumenical Temple.
  2106 | D:5      | Noticed Quirk's ghost (novice GnFi)
  2107 | Temple   | Entered the Ecumenical Temple
  2263 | Temple   | Became a worshipper of Vehumet
  2301 | D:5      | Killed Quirk's ghost
  2301 | D:5      | Reached skill level 10 in Spellcasting
  2301 | D:5      | Reached XP level 8. HP: 24/41 MP: 4/24
  2417 | D:5      | Learned a level 2 spell: Call Imp
  2567 | D:6      | Got an ichor-stained quarterstaff
  2568 | D:6      | Identified the +11 quarterstaff of the Mind {flame, *Noise rC++ Str+4 Stlth+} (You found it on level 6 of the Dungeon)
  2616 | D:6      | Reached skill level 1 in Armour
  2667 | D:7      | Found a shadowy altar of Dithmenos.
  2670 | D:7      | Found a shimmering altar of Xom.
  2762 | D:8      | Noticed a troll
  2833 | D:7      | Reached skill level 1 in Fighting
  2888 | D:8      | Reached * piety under Vehumet
  2888 | D:8      | Offered knowledge of Sandblast by Vehumet.
  2903 | D:8      | Killed a troll
  2903 | D:8      | Reached skill level 5 in Dodging
  2903 | D:8      | Reached XP level 9. HP: 37/48 MP: 21/25
  2920 | D:8      | Noticed Erica
  2924 | D:8      | Noticed a two-headed ogre
  2933 | D:8      | Noticed a two-headed ogre
  2936 | D:8      | Noticed a two-headed ogre
  3073 | D:8      | Noticed Grum
  3081 | D:8      | Killed a two-headed ogre
  3093 | D:8      | Killed Grum
  3099 | D:8      | HP: 2/52 [poisoned by a killer bee]
  3195 | D:8      | Killed a two-headed ogre
  3195 | D:8      | Reached skill level 6 in Conjurations
  3247 | D:8      | Reached XP level 10. HP: 34/58 MP: 5/27
  3251 | D:8      | Got a translucent platinum ring
  3252 | D:8      | Identified the ring "Duptop" {Wiz rC+} (You found it on level 8 of the Dungeon)
  3475 | D:8      | Killed a two-headed ogre
  3475 | D:8      | Reached skill level 7 in Conjurations
  3647 | D:8      | Killed Erica
  3773 | D:9      | Reached skill level 5 in Fighting
  3788 | D:9      | Found a deep blue altar of Sif Muna.
  3845 | D:9      | Noticed a two-headed ogre
  3870 | D:9      | Noticed a two-headed ogre
  3882 | D:9      | Killed a two-headed ogre
  3888 | D:9      | Killed a two-headed ogre
  3895 | D:9      | Offered knowledge of Shock by Vehumet.
  3925 | D:9      | Reached ** piety under Vehumet
  3956 | D:9      | Noticed a two-headed ogre
  3989 | D:9      | Reached skill level 10 in Dodging
  4008 | D:9      | Reached XP level 11. HP: 60/66 MP: 16/29
  4014 | D:9      | Killed a two-headed ogre
  4051 | D:9      | Offered knowledge of Ignite Poison by Vehumet.
  4092 | D:9      | Learned a level 3 spell: Ignite Poison
  4100 | D:9      | Found a staircase to the Lair.
  4117 | Lair:1   | Entered Level 1 of the Lair of Beasts
  4117 | Lair:1   | Noticed a four-headed hydra
  4144 | Lair:1   | Killed a four-headed hydra
  4283 | Lair:2   | Reached *** piety under Vehumet
  4290 | Lair:2   | Noticed a four-headed hydra
  4313 | Lair:2   | Killed a four-headed hydra
  4442 | Lair:2   | Noticed an eight-headed hydra
  4733 | Lair:1   | Offered knowledge of Iskenderun's Mystic Blast by Vehumet.
  4745 | Lair:1   | Learned a level 4 spell: Iskenderun's Mystic Blast
  4793 | D:10     | Entered Level 10 of the Dungeon
  4807 | D:10     | Found a radiant altar of Vehumet.
  4853 | D:10     | Noticed Joseph
  4861 | D:10     | Killed Joseph
  5092 | D:10     | Reached skill level 8 in Conjurations
  5247 | D:12     | Noticed a five-headed hydra
  5262 | D:11     | Noticed Frank's ghost (journeyman OpFi)
  5285 | D:11     | Killed Frank's ghost
  5344 | D:11     | Reached **** piety under Vehumet
  5350 | D:11     | Noticed Erolcha
  5375 | D:11     | Killed Erolcha
  5375 | D:11     | Reached skill level 9 in Conjurations
  5472 | D:11     | Reached skill level 10 in Conjurations
  5474 | D:11     | Noticed letownia2's ghost (novice TrMo)
  5577 | D:11     | Found a white marble altar of Elyvilon.
  5588 | D:11     | Offered knowledge of Irradiate by Vehumet.
  5650 | D:11     | Learned a level 5 spell: Irradiate
  5687 | D:12     | Killed a five-headed hydra
  5687 | D:12     | Reached XP level 12. HP: 40/73 MP: 24/30
  5748 | D:12     | Reached skill level 11 in Conjurations
  6115 | D:11     | Reached skill level 12 in Conjurations
  6251 | D:9      | Found a stormy altar of Qazlal.
  6413 | D:11     | Noticed a two-headed ogre
  6420 | D:11     | Killed a two-headed ogre
  6425 | D:11     | Reached ***** piety under Vehumet
  6521 | D:11     | Killed letownia2's ghost
  6521 | D:11     | Reached skill level 13 in Conjurations
  6524 | D:11     | Offered knowledge of Ozocubu's Refrigeration by Vehumet.
  6631 | D:11     | Found a staircase to the Orcish Mines.
  6674 | Orc:1    | Entered Level 1 of the Orcish Mines
  6759 | Orc:2    | Entered Level 2 of the Orcish Mines
  6773 | Orc:2    | Reached skill level 14 in Conjurations
  7060 | Orc:1    | Noticed a two-headed ogre
  7064 | Orc:1    | Noticed a two-headed ogre
  7067 | Orc:1    | Noticed a two-headed ogre
  7268 | Orc:2    | Noticed a two-headed ogre
  7275 | Orc:2    | Killed a two-headed ogre
  7298 | Orc:2    | Found a staircase to the Elven Halls.
  7536 | Orc:2    | Reached XP level 13. HP: 41/78 MP: 17/31
  7551 | Orc:2    | Found Raluonga's General Store.
  7580 | Orc:2    | Found Duedeo's Distillery.
  7676 | Orc:2    | Reached skill level 15 in Conjurations
  7769 | Orc:2    | Bought a scroll of magic mapping for 52 gold pieces
  7771 | Orc:2    | Bought a potion of haste for 120 gold pieces
  8219 | Orc:2    | Reached skill level 16 in Conjurations
  8253 | Orc:2    | Offered knowledge of Sticky Flame by Vehumet.
  8259 | Orc:2    | Learned a level 4 spell: Sticky Flame
  8277 | Orc:2    | Mangled by a sun demon

Skill      XL: |  1  2  3  4  5  6  7  8  9 10 11 12 13 |
---------------+----------------------------------------+-----
Conjurations   | 2 3 4 5 6 7 10 14 16 | 16.2
Fire Magic     | 1 2 3 |  3.2
Air Magic      | 1 2 3 |  3.0
Poison Magic   | 1 2 3 |  3.3
Spellcasting   | 5 10 11 12 | 12.1
Dodging        | 5 7 10 11 | 11.6
Armour         | 1 |  1.5
Fighting       | 2 4 6 7 |  7.8
Stealth        | |  2.4
Summonings     | |  1.1
Translocations | |  1.1

Action                   |  1- 3 |  4- 6 |  7- 9 | 10-12 | 13-15 || total
-------------------------+-------+-------+-------+-------+-------++-------
Melee: Dagger            |    24 |    33 |       |       |       ||    57
       Rapier            |       |       |    50 |       |       ||    50
       Quarterstaff      |       |       |    54 |   364 |    84 ||   502
Throw: Throwing net      |       |       |       |       |     1 ||     1
 Cast: Magic Dart        |    65 |    71 |   105 |    81 |     2 ||   324
       Mephitic Cloud    |     1 |     5 |    21 |    52 |    13 ||    92
       Conjure Flame     |       |     2 |    20 |    79 |    13 ||   114
       Blink             |       |     1 |     5 |    11 |       ||    17
       Iskenderun's Myst |       |       |       |    90 |    27 ||   117
       Sticky Flame      |       |       |       |       |     1 ||     1
Evoke: Wand              |       |     4 |     9 |    16 |     3 ||    32
  Use: Scroll            |       |     2 |     2 |     7 |       ||    11
       Potion            |       |     1 |     3 |       |       ||     4
 Stab: Sleeping          |     1 |       |       |     2 |       ||     3
       Confused          |       |     2 |     4 |    19 |     4 ||    29
       Paralysed         |       |       |     2 |     2 |       ||     4
       Distracted        |       |       |       |     1 |       ||     1
  Eat: Chunk             |       |     2 |     5 |    15 |     3 ||    25
Armor: Robe              |    24 |       |       |       |       ||    24
       Leather armour    |       |     3 |       |       |       ||     3
       Steam dragon scal |       |       |    18 |    36 |     2 ||    56
Dodge: Dodged            |    57 |    41 |   129 |   424 |    48 ||   699
